 Dungeon Crawl Stone Soup version 0.19.5 (webtiles) character file.

825 Felix the Chiller (level 7, -5/57 HPs)
             Began as a Naga Ice Elementalist on Mar 11, 2017.
             Slain by an ogre
             ... wielding a +0 giant spiked club
              (8 damage)
             ... on level 5 of the Dungeon.
             The game lasted 00:27:24 (6531 turns).

Felix the Chiller (Naga Ice Elementalist)           Turns: 6531, Time: 00:27:24

Health: -5/57      AC: 10    Str: 10    XL:     7   Next: 96%
Magic:  0/13       EV: 10    Int: 18    God:
Gold:   171        SH:  0    Dex: 11    Spells: 4 memorised, 4 levels left

rFire  + . .     SeeInvis +     r - +1 mace (protect)
rCold  . . .     Gourm    .     a - +0 robe
rNeg   . . .     Faith    .     (no shield)
rPois  +         Spirit   .     s - +0 helmet
rElec  .         Reflect  .     (no cloak)
rCorr  +         Harm     .     (no gloves)
MR     .....                    (no barding)
Stlth  +++.......               (no amulet)
                                G - ring of protection from fire
                                q - ring of resist corrosion

@: icy armour, very slow
A: see invisible, deformed body, poison resistance, slowness 2, slow metabolism
1, spit poison 1, AC +2
a: Spit Poison


You were on level 5 of the Dungeon.
You were not hungry.

You visited 1 branch of the dungeon, and saw 5 of its levels.

You collected 171 gold pieces.

Inventory:

Hand Weapons
 k - a +0 dagger
 r - a +1 mace of protection (weapon)
 u - a cursed -3 hand axe
Missiles
 p - 7 tomahawks (quivered)
Armour
 a - a +0 robe (worn)
 s - a +0 helmet (worn)
 t - a +0 animal skin
Jewellery
 q - a ring of resist corrosion (left hand)
 w - a +1 ring of evasion
 G - a ring of protection from fire (right hand)
Wands
 n - a wand of polymorph (6/24)
Scrolls
 e - 3 scrolls of fear {unknown}
 f - 2 scrolls of blinking {unknown}
 i - 2 scrolls of teleportation {unknown}
 j - a scroll of noise {unknown}
 v - a scroll of magic mapping {unknown}
 y - a scroll of identify
 B - 3 scrolls of remove curse {unknown}
 F - 2 scrolls of random uselessness {unknown}
Potions
 h - a potion of invisibility
 l - a potion of lignification
 m - a potion of ambrosia
 o - 2 potions of cancellation {unknown}
 z - a potion of brilliance {unknown}
 A - 2 potions of flight {unknown}
 C - 2 potions of haste {unknown}
 D - a potion of curing {unknown}
 E - a potion of beneficial mutation {unknown}
Books
 b - a book of Frost

   Spells                             Type                      Level
   a - Freeze                         Ice                          1
   b - Throw Frost                    Conjuration/Ice              2
   c - Ozocubu's Armour               Charms/Ice                   3
   d - Throw Icicle                   Conjuration/Ice              4
   e - Summon Ice Beast               Ice/Summoning                4
 x - a book of Callings

   Spells                             Type                      Level
   a - Summon Small Mammal            Summoning                    1
   b - Call Imp                       Summoning                    2
   c - Call Canine Familiar           Summoning                    3
   d - Summon Guardian Golem          Hexes/Summoning              3
   e - Summon Lightning Spire         Summoning/Air                4
   f - Summon Ice Beast               Ice/Summoning                4
Comestibles
 c - 2 bread rations
 d - a meat ration
 g - 4 fruits
 H - a royal jelly
 I - 3 chunks of flesh
 J - a slice of pizza
 K - a beef jerky


   Skills:
 + Level 1.3 Fighting
 - Level 0.2 Short Blades
 + Level 2.1 Dodging
 * Level 5.6 Stealth
 + Level 4.4 Spellcasting
 + Level 1.0 Conjurations
 + Level 0.8 Charms
 * Level 6.7 Ice Magic


You had 4 spell levels left.
You knew the following spells:

 Your Spells              Type           Power        Failure   Level  Hunger
a - Freeze                Ice            ####         1%          1    None
b - Throw Frost           Conj/Ice       ###...       4%          2    #......
c - Ozocubu's Armour      Chrm/Ice       ###.....     12%         3    ###....
d - Summon Ice Beast      Ice/Summ       ###.....     34%         4    ####...


Dungeon Overview and Level Annotations

Branches:
Dungeon (5/15)
 Temple: D:4-7

Altars:

Annotations:
D:5 Sigmund


Innate Abilities, Weirdness & Mutations

You cannot wear boots.
Your serpentine skin is tough. (AC +2)
You have supernaturally acute eyesight. (SInv)
Armour fits poorly on your strangely shaped body.
Your system is resistant to poisons. (rPois)
You cover ground very slowly.
You have a slow metabolism.
You can spit poison.


Message History

Aiming: Freeze
Press: ? - help, Shift-Dir - straight line, f/p - orc priest
Aim: an orc priest, wielding a club (almost dead)
You freeze the orc priest.
You kill the orc priest!
The orc hits you with a mace.
Casting: Freeze
Confirm with . or Enter, or press ? or * to list all spells.
You don't have enough magic to cast that spell.
Unknown command.
The orc throws a tomahawk of dispersal.
The tomahawk of dispersal closely misses you.
The orc throws a tomahawk of dispersal.
The tomahawk of dispersal barely misses you.
The ogre hits you with a giant spiked club!!
Ouch! That really hurt!
* * * LOW HITPOINT WARNING * * *
The orc hits you but does no damage.
The ogre hits you with a giant spiked club!
You die...

.... #...o #. ....#
#.o.o... #.
......####........ #.
............. ....< #..
.....<.......# .... ...
............# ...# ##.
...........$# #..# .. ##
...........)##..######.#
#
............@o.........##
#
.............O......>...#
# #.......###.######...##
# #......## #..# #....# #
##....### #.#####...#####
#.....# #...........##.
#...#.## #......#.....#.
#..##..# #..รท..####.....
#..# ##.# #.....###...##.


You could see an ogre and an orc.

Vanquished Creatures
  An ogre (D:4)
  A scorpion (D:4)
  A howler monkey (D:4)
  A hound (D:4)
  7 orc priests
  4 orc wizards
  Jessica (D:2)
  An iguana (D:4)
  A worker ant (D:4)
  Robin (D:2)
  7 adders
  A river rat (D:3)
  A shadow imp (D:5)
  An ooze (D:4)
  An adder skeleton (D:5)
  2 worms (D:3)
  3 dart slugs (D:1)
  2 leopard geckos
  21 orcs
  3 bats
  6 giant cockroaches
  21 goblins
  6 hobgoblins
  8 jackals
  7 kobolds
  2 quokkas
  10 frilled lizards
  A leopard gecko zombie (D:5)
  A quokka skeleton (D:4)
  6 rats
129 creatures vanquished.

Notes
Turn   | Place    | Note
-------+----------+-------------------------------------------
     0 | D:1      | Felix the Naga Ice Elementalist began the quest for the Orb.
     0 | D:1      | Reached XP level 1. HP: 15/15 MP: 3/3
   307 | D:1      | Reached XP level 2. HP: 12/22 MP: 0/5
   520 | D:1      | Learned a level 2 spell: Throw Frost
  1119 | D:2      | Reached XP level 3. HP: 21/30 MP: 1/6
  1129 | D:1      | HP: 1/30 [jackal (2)]
  1432 | D:2      | Learned a level 3 spell: Ozocubu's Armour
  1573 | D:2      | Noticed Jessica
  1574 | D:2      | Noticed Robin
  1580 | D:2      | Killed Jessica
  1580 | D:2      | Reached XP level 4. HP: 28/37 MP: 0/8
  1974 | D:2      | Killed Robin
  1974 | D:2      | Reached skill level 4 in Ice Magic
  2616 | D:3      | Reached XP level 5. HP: 43/43 MP: 0/9
  3057 | D:3      | HP: 2/43 [orc priest/nerve-wracking pain (5)]
  3059 | D:3      | Reached skill level 1 in Fighting
  3397 | D:3      | Reached XP level 6. HP: 50/51 MP: 6/11
  3782 | D:3      | Reached skill level 5 in Ice Magic
  4565 | D:4      | Learned a level 4 spell: Summon Ice Beast
  5018 | D:4      | Reached XP level 7. HP: 49/57 MP: 5/12
  5035 | D:4      | Reached skill level 5 in Stealth
  5192 | D:4      | Reached skill level 6 in Ice Magic
  5871 | D:5      | Entered Level 5 of the Dungeon
  6024 | D:5      | Noticed Sigmund
  6531 | D:5      | Slain by an ogre

Skill      XL: |  1  2  3  4  5  6  7 |
---------------+----------------------+-----
Ice Magic      | 4 5 6 |  6.7
Dodging        | 2 |  2.1
Spellcasting   | 3 4 |  4.4
Stealth        | 4 5 |  5.6
Fighting       | 1 |  1.3
Short Blades   | |  0.2
Conjurations   | |  1.0
Charms         | |  0.8

Action                   |  1- 3 |  4- 6 |  7- 9 || total
-------------------------+-------+-------+-------++-------
Melee: Unarmed           |     2 |       |       ||     2
       Dagger            |    16 |    58 |       ||    74
       Mace              |       |     4 |    23 ||    27
 Cast: Freeze            |    47 |   123 |    65 ||   235
       Ozocubu's Armour  |     2 |     8 |     6 ||    16
       Throw Frost       |       |     1 |       ||     1
 Abil: Spit Poison       |     1 |     1 |       ||     2
Evoke: Wand              |       |     1 |       ||     1
  Use: Potion            |     1 |     3 |       ||     4
       Scroll            |       |     5 |       ||     5
 Stab: Sleeping          |       |       |     1 ||     1
  Eat: Chunk             |     2 |     9 |     5 ||    16
Armor: Robe              |    13 |    52 |    28 ||    93
Dodge: Dodged            |    55 |   102 |    61 ||   218
